 Dungeon Crawl Stone Soup version 0.27-b1-42-g19c61b19a5 (webtiles) character file.

Game seed: 5716507739410130914

215 frimble the Stinger (level 5, -1/31 HPs)
             Began as an Octopode Venom Mage on July 30, 2021.
             Succumbed to Jessica's poison
             ... on level 3 of the Dungeon.
             The game lasted 00:04:37 (3207 turns).

frimble the Stinger (Octopode Venom Mage)           Turns: 3207, Time: 00:04:37

Health: -1/31      AC:  1    Str:  8    XL:     5   Next: 92%
Magic:  8/8        EV: 14    Int: 18    God:
Gold:   70         SH:  0    Dex: 14    Spells: 3/8 levels left

rFire    + . .     SeeInvis .   g - +2 short sword (drain)
rCold    . . .     Faith    .   (no shield)
rNeg     . . .     Spirit   .   (helmet restricted)
rPois    .         Reflect  .   (no amulet)
rElec    .         Harm     .   (no ring)
rCorr    .         Rampage  .   (no ring)
Will     .....                  (no ring)
Stlth    ++++......             (no ring)
HPRegen  0.10/turn              (no ring)
MPRegen  0.11/turn              (no ring)
                                (no ring)
                                (no ring)

@: lethally poisoned (-1 -> -15)
A: almost no armour, amphibious, 8 rings, camouflage 1, gelatinous body 1,
(nimble swimmer 1), tentacles, agile 1, fire resistance 1, subdued magic 2
a: no special abilities


You were on level 3 of the Dungeon.
You visited 1 branch of the dungeon, and saw 3 of its levels.

You collected 70 gold pieces.

Inventory:

Hand Weapons
 g - a +2 short sword of draining (weapon)
Armour
 c - a +1 kite shield
Jewellery
 e - a +6 ring of intelligence
 f - a +6 ring of strength
Wands
 i - a wand of digging (5)
Scrolls
 d - a scroll of fog
 j - a scroll of identify
Potions
 h - a potion of haste


   Skills:
 - Level 2.0 Short Blades
 - Level 3.0 Dodging
 - Level 5.0 Stealth
 - Level 2.0 Spellcasting
 - Level 1.0 Transmutations
 + Level 5.5 Poison Magic


You had 3 spell levels left.
You knew the following spells:

 Your Spells              Type           Power      Damage    Failure   Level
a - Sting                 Tmut/Pois      32%        1d4       2%          1
b - Olgreb's Toxic Radia  Pois           13%        N/A       13%         4

Your spell library contained the following spells:

 Spells                   Type           Power      Damage    Failure   Level
 Poisonous Vapours        Pois/Air       14%        N/A       5%          2
 Mephitic Cloud           Conj/Pois/Air  5%         N/A       19%         3
 Inner Flame              Hex/Fire       1%         N/A       38%         3
 Cause Fear               Hex            0%         N/A       82%         4
 Discord                  Hex            0%         N/A       100%        8


Dungeon Overview and Level Annotations

Branches:
Dungeon (3/15)

Altars:
Elyvilon

Shops:
D:3 [(


Innate Abilities, Weirdness & Mutations

You cannot wear most types of armour.
You are amphibious.
You can wear up to eight rings at the same time.
Your skin changes colour to match your surroundings (Stealth+).
Your rubbery body absorbs attacks. (AC +1, EV +1)
((You are camouflaged near water. (Stealth+)))
You have tentacles for arms and can constrict up to eight enemies at once.
You are agile. (Dex +2)
Your flesh is heat resistant. (rF+)
Your spells are easier to cast, but less powerful.


Message History

Jessica is moderately wounded.
Jessica hits you with a +2 dagger of venom.
You are poisoned.
You barely miss Jessica. Your grab misses Jessica. You squeeze Jessica.
Jessica is heavily wounded.
You feel sick.
Jessica hits you with a +2 dagger of venom!
You are lethally poisoned!
You hit Jessica. You grab Jessica.
Jessica is severely wounded.
You constrict Jessica.
You feel very sick.
You kill Jessica!
You are too injured to fight recklessly!
You are too injured to fight recklessly!
You are too injured to fight recklessly!
You are too injured to fight recklessly!
You are too injured to fight recklessly!
You are too injured to fight recklessly!
Okay, then.
Unknown command.
As you read the scroll labelled KAVYICZIECI, it crumbles to dust.
You feel aware of your surroundings.
You sensed 3 shops/portals.
It was a scroll of magic mapping.
* * * LOW HITPOINT WARNING * * *
You feel very sick.
As you read the scroll labelled PUILOF CUL, it crumbles to dust.
It is a scroll of brand weapon.
Your +2 short sword of venom craves living souls!
g - a +2 short sword of draining (weapon)
* * * LOW HITPOINT WARNING * * *
You feel very sick.
You don't have any unidentified items.
Unknown command.
Really quaff the potion of mutation?
You feel extremely strange.
You feel resistant to heat.
Your connection to magic feels subdued.
Your connection to magic feels more subdued.
You feel agile.
You die...

####* ### ***** ....#####.######
**≈≈≈** **#............# *≈≈≈≈≈**
#.....#.#.##.####*≈≈∩.,,*
#...............##≈≈≈≈≈,*
#.).†.#>#.##.......≈≈≈,,*
###.#.##...#####........,,* ***
....#.###.## #@.######,,*****,,
.....(# #.# #.)# ***,,,,,,,,,
...#..# #.# #..# *,,,,,****,,
.#.#..###.###**#..#***,***,*****,
.............,,....,,,,* *,,,,**,
##.##.###....,,.....**,***,**,**,
#.*#.# #.###**..##.**,,,,,**,**,
#,*#†# #.# #..#*.#***>****,***
*,*#.# #.# *,,**,* *,,****,***


There were no monsters in sight!

Vanquished Creatures
  A gnoll shaman (D:3)
  Jessica (D:3)
  Terence (D:2)
  2 adders
  3 gnolls (D:3)
  A worm (D:2)
  3 dart slugs (D:2)
  4 orcs
  7 endoplasms
  5 giant cockroaches
  7 goblins
  5 hobgoblins
  7 jackals
  5 quokkas
  6 ball pythons
  5 bats
  3 frilled lizards
  6 kobolds
72 creatures vanquished.

Vanquished Creatures (others)
  A fungus (D:1)
1 creature vanquished.

Grand Total: 73 creatures vanquished

Notes
Turn   | Place    | Note
-------+----------+-------------------------------------------
     0 | D:1      | frimble the Octopode Venom Mage began the quest for the
                  | Orb.
     0 | D:1      | Reached XP level 1. HP: 11/11 MP: 3/3
   386 | D:1      | Reached XP level 2. HP: 13/17 MP: 5/5
   975 | D:1      | Reached XP level 3. HP: 21/21 MP: 6/6
  1080 | D:1      | Found a faded altar of an unknown god.
  1120 | D:2      | Reached skill level 1 in Short Blades
  1642 | D:2      | Reached XP level 4. HP: 27/27 MP: 7/7
  1834 | D:2      | Noticed Terence
  1881 | D:2      | Killed Terence
  2536 | D:3      | Learned a level 4 spell: Olgreb's Toxic Radiance
  2670 | D:3      | Found Yraelu's Weapon Shoppe.
  2743 | D:3      | Reached XP level 5. HP: 30/31 MP: 3/8
  2801 | D:3      | Found a white marble altar of Elyvilon.
  2823 | D:3      | Reached skill level 5 in Poison Magic
  3188 | D:3      | Reached skill level 5 in Stealth
  3198 | D:3      | Noticed Jessica
  3200 | D:3      | Found Xucli's Armour Boutique.
  3204 | D:3      | Killed Jessica
  3207 | D:3      | Gained mutation: Your flesh is heat resistant. (rF+)
                  | [potion of mutation]
  3207 | D:3      | Gained mutation: Your spells are a little easier to cast,
                  | but a little less powerful. [potion of mutation]
  3207 | D:3      | Gained mutation: Your spells are easier to cast, but less
                  | powerful. [potion of mutation]
  3207 | D:3      | Gained mutation: You are agile. (Dex +2) [potion of
                  | mutation]
  3207 | D:3      | Succumbed to Jessica's poison

Illustrated notes

Levels and vault maps discovered:
D:1:      mrwooster_arrival_statue_3, layout_basic,
          shapermc_ecumenical_altar_petra
D:2:      kb_forest_paths, layout_basic, uniq_terence
D:3:      layout_loops_ring, elyvilon_altar_3, serial_shops,
          nicolae_shop_waterfront, nicolae_shop_behind_doors,
          nicolae_square_shop, nicolae_square_shop, shop_statue,
          kennysheep_cross_room, uniq_jessica

Skill      XL: |  1  2  3  4  5 |
---------------+----------------+-----
Stealth        | 3 4 5 |  5.0
Poison Magic   | 4 5 |  5.5
Short Blades   | 1 2 |  2.0
Dodging        | 3 |  3.0
Spellcasting   | |  2.0
Transmutations | |  1.0

Action                   |  1- 3 |  4- 6 || total
-------------------------+-------+-------++-------
Melee: Dagger            |    61 |    47 ||   108
       Unarmed           |     6 |       ||     6
       Constrict         |    19 |    10 ||    29
       Tentacles         |    13 |     9 ||    22
       Short sword       |       |    13 ||    13
 Cast: Sting             |     4 |     7 ||    11
       Olgreb's Toxic Ra |       |     2 ||     2
  Use: Scroll            |       |     7 ||     7
       Potion            |       |     1 ||     1
 Stab: Sleeping          |    18 |    12 ||    30
Armor: Skin              |     3 |     2 ||     5
Dodge: Dodged            |    41 |    31 ||    72
